 Dungeon Crawl Stone Soup version 0.30.1 (webtiles) character file.

Game seed: 15271896952609096573

100 boopmooplesden the Twirler (level 4, -1/34 HPs)
             Began as a Demonspawn Gladiator on July 5, 2023.
             Slain by a gnoll
             ... wielding a +0 whip
              (2 damage)
             ... on level 3 of the Dungeon.
             The game lasted 00:03:18 (2075 turns).

boopmooplesden the Twirler (Demonspawn Gladiator)   Turns: 2075, Time: 00:03:18

Health: -1/34      AC: 22    Str: 16    XL:     4   Next: 47%
Magic:  4/4        EV:  1    Int:  9    God:
Gold:   154        SH:  0    Dex: 15    Spells: 3/3 levels left

rFire   + . .        n - +0 lajatang
rCold   + . .        (shield currently unavailable)
rNeg    . . .        f - +9 scales of the Dragon King {rPois rF+ rC+ Will+}
rPois   +            c - +0 helmet
rElec   .            (no cloak)
rCorr   .            (no gloves)
SInv    .            (no boots)
Will    +....        (no amulet) Stlth
                     (no ring)
HPRegen 0.25/turn    (no ring)
MPRegen 0.09/turn

%: no passive effects
@: mighty
A: powered by death 2
a: no special abilities


You were on level 3 of the Dungeon.
You visited 1 branch of the dungeon, and saw 3 of its levels.

You collected 154 gold pieces.

Inventory:

Hand Weapons
 a - a +0 quarterstaff
 n - a +0 lajatang (weapon)
Missiles
 d - 4 throwing nets (quivered)
 e - a javelin
Armour
 b - a +0 leather armour
 c - a +0 helmet (worn)
 f - the +9 scales of the Dragon King (worn) {rPois rF+ rC+ Will+}
   (You found it on level 3 of the Dungeon)

   rF:        It protects you from fire.
   rC:        It protects you from cold.
   rPois:     It protects you from poison.
   Will:      It increases your willpower.
 i - a +0 scale mail
 m - a +0 ring mail
Wands
 r - a wand of polymorph (14)
Scrolls
 j - 3 scrolls of identify
Potions
 h - a potion of degeneration {unknown}
 k - 2 potions of attraction {unknown}
 l - a potion of invisibility {unknown}
 o - 2 potions of brilliance {unknown}
 p - a potion of magic {unknown}
 q - a potion of haste {unknown}


   Skills:
 + Level 2.9 Fighting
 + Level 3.7 Staves
 + Level 1.8 Throwing
 + Level 1.2 Armour
 + Level 3.0 Dodging
 + Level 0.1 Stealth


You had 3 spell levels left.
You didn't know any spells.
Your spell library contained the following spells:

 Spells                   Type           Power      Damage    Failure   Level
 Apportation              Tloc           0%         N/A       100%        1
 Necrotise                Necr           0%         1d4       100%        1
 Summon Small Mammal      Summ           0%         N/A       100%        1
 Ignite Poison            Fire/Tmut/Pois 0%         N/A       100%        3
 Vhi's Electric Charge    Tloc/Air       0%         N/A       100%        3
 Volatile Blastmotes      Fire/Tloc      0%         2d10      100%        3
 Fulminant Prism          Conj/Hex       0%         3d5       100%        4
 Iskenderun's Mystic Bla  Conj/Tloc      0%         2d3       100%        4
 Sticky Flame             Conj/Fire      0%         2d3       100%        4
 Arcjolt                  Conj/Air       0%         1d10      100%        5
 Lee's Rapid Deconstruct  Erth           0%         3d4*      100%        5
 Plasma Beam              Fire/Air       0%         2x1d11    100%        6
 Ignition                 Fire           0%         3d3       100%        8


Dungeon Overview and Level Annotations

Branches:
Dungeon (3/15)

Altars:

Annotations:
D:3 1 transporter, salammoniac's ghost, amateur DsEE


Innate Abilities, Weirdness & Mutations

You regenerate health from kills.


Message History

The gnoll shouts!
You hear a shout!
The gnoll shouts!
The gnoll shouts!
The gnoll shouts!
You hear a shout!
You enter the shallow water.
Moving in this stuff is going to be slow.
Partly explored, unvisited transporter.
Partly explored, unvisited transporter.
Partly explored, unvisited transporter.
You enter the shallow water.
Moving in this stuff is going to be slow.
The gnoll shouts!
You see here a +0 spear.
There is a transporter here.
You enter the transporter and appear at another place.
You feel very mighty all of a sudden.
You closely miss the gnoll. The gnoll barely misses you.
The gnoll hits you but does no damage.
You closely miss the gnoll. The gnoll hits you but does no damage.
The gnoll hits you with a +0 flail.
You closely miss the gnoll.
The gnoll hits you but does no damage. x2
You hit the gnoll.
The gnoll is heavily wounded.
The gnoll hits you but does no damage. x2
You slice the gnoll!!
You kill the gnoll!
The gnoll completely misses you. The gnoll hits you with a +0 whip.
You barely miss the gnoll.
The gnoll hits you but does no damage. x4
The gnoll hits you with a +0 whip.
The gnoll hits you from afar with a +0 halberd of electrocution!
The gnoll hits you but does no damage.
You closely miss the gnoll. The gnoll hits you with a +0 flail.
The gnoll hits you but does no damage. x2; You are electrocuted!
* * * LOW HITPOINT WARNING * * *
The gnoll hits you with a +0 whip.
* * * LOW HITPOINT WARNING * * *
You closely miss the gnoll. The gnoll hits you with a +0 flail.
* * * LOW HITPOINT WARNING * * *
The gnoll hits you but does no damage. x2; The gnoll hits you with a +0 whip.
You die...

#...........................##.#
#.≈≈≈≈≈≈≈≈≈≈≈≈~≈≈≈≈≈≈≈≈≈≈≈≈.##.#
#.≈≈≈≈≈≈≈≈≈≈≈≈~≈≈≈≈≈≈≈≈≈≈≈≈.....
##.≈≈#####...........#####≈≈..###
.#.≈≈#W#g#.###.©.###.#.#.#≈≈..#
...≈≈#...###©#####.###.gg#≈≈..#
##.≈≈###!......g.....g.###≈≈..#
##.≈≈.8#.######g######.#8.≈≈..#
##.≈≈.##.#.. #8)@#.⌠.#.##.≈≈..#
##.~~.#gW'. #⌠©.gg..'..#.~~..#
##.≈≈.##g#g #8..#.⌠.#.##.≈≈..##
##.≈≈.8#.######'######.#8.≈≈...#
...≈≈###...............###≈≈...#
##.≈≈#g..###.#####.###...#≈≈...#
#.≈≈#.#.#.###.©.###.#.#.#≈≈...#
#.≈≈#####...........#####≈≈...#
#.≈≈≈≈≈≈≈≈≈≈≈...≈≈≈≈≈≈≈≈≈≈≈...##


You could see 4 gnolls.

Vanquished Creatures
  2 adders
  A gnoll (D:3)
  2 worms
  4 dart slugs
  2 orcs
  9 ball pythons
  6 bats
  5 endoplasms
  4 giant cockroaches
  5 goblins
  5 hobgoblins
  3 quokkas
  3 frilled lizards
  A kobold (D:1)
  3 rats
55 creatures vanquished.

Notes
Turn   | Place    | Note
-------+----------+-------------------------------------------
     0 | D:1      | boopmooplesden the Demonspawn Gladiator began the quest for
                  | the Orb.
     0 | D:1      | Reached XP level 1. HP: 16/16 MP: 1/1
   166 | D:1      | Gained mutation: You regenerate a little health from kills.
                  | [demonic ancestry]
   166 | D:1      | Reached XP level 2. HP: 15/22 MP: 2/2
   692 | D:1      | Gained mutation: You regenerate health from kills. [demonic
                  | ancestry]
   692 | D:1      | Reached XP level 3. HP: 27/27 MP: 3/3
  1515 | D:3      | Reached XP level 4. HP: 28/34 MP: 4/4
  1616 | D:3      | Found the +9 scales of the Dragon King {rPois rF+ rC+
                  | Will+}
  1638 | D:3      | Reached skill level 1 in Armour
  1662 | D:3      | Found a transporter.
  1892 | D:3      | Found a transporter.
  1984 | D:3      | Noticed salammoniac's ghost (amateur DsEE)
  2075 | D:3      | HP: 1/34 [gnoll/+0 flail (3)]
  2075 | D:3      | Slain by a gnoll

Illustrated notes

Levels and vault maps discovered:
D:1:      matt_arrival_refuge, layout_basic, minmay_tromino_v2
D:2:      layout_basic
D:3:      layout_loops_ring, gammafunk_ghost_gnarly_gnolls, grunt_ministairs_2

Skill      XL: |  1  2  3  4 |
---------------+-------------+-----
Staves         | 3 |  3.7
Dodging        | 3 |  3.0
Armour         | 1 |  1.2
Fighting       | |  2.9
Throwing       | |  1.8
Stealth        | |  0.1

Action                     |  1- 3 |  4- 6 || total
---------------------------+-------+-------++-------
  Melee: Quarterstaff      |    65 |       ||    65
         Lajatang          |    45 |    48 ||    93
    Use: Scroll            |     4 |       ||     4
         Potion            |       |     1 ||     1
 Armour: Leather armour    |    33 |    11 ||    44
         Gold dragon scale |       |    28 ||    28
  Dodge: Dodged            |    81 |    21 ||   102
